 Dungeon Crawl Stone Soup version 0.31-a0-112-gdf0485fa37 (webtiles) character file.

Game seed: 2688195614334858088

3987 pokeman the Thaumaturge (level 10, -3/56 HPs)
             Began as a Deep Elf Hedge Wizard on May 28, 2023.
             Was a Follower of Vehumet.
             Killed from afar by a white imp (8 damage)
             ... with a puff of frost
             ... on level 8 of the Dungeon.
             The game lasted 00:15:12 (8880 turns).

pokeman the Thaumaturge (Deep Elf Hedge Wizard)     Turns: 8880, Time: 00:15:13

Health: -3/56      AC:  3    Str:  7    XL:     10   Next: 3%
Magic:  3/28       EV: 13    Int: 24    God:    Vehumet [*.....]
Gold:   434        SH:  0    Dex: 14    Spells: 16/33 levels left

rFire   . . .        C - +8 whip "Ugodatao" {freeze, rPois}
rCold   . . .        (no shield)
rNeg    . . .        b - +0 robe
rPois   +            i - +0 helmet
rElec   .            (no cloak)
rCorr   +            (no gloves)
SInv    .            (no boots)
Will    +....        (no amulet)
Stlth   ++           v - ring of resist corrosion
HPRegen 0.29/turn    (no ring)
MPRegen 0.21/turn

%: no passive effects
@: no status effects
A: no striking features
a: Renounce Religion


You were on level 8 of the Dungeon.
You worshipped Vehumet.
Vehumet was aware of your devotion.
You visited 2 branches of the dungeon, and saw 9 of its levels.

You collected 434 gold pieces.

Inventory:

Hand Weapons
 C - the +8 whip "Ugodatao" (weapon) {freeze, rPois}
   (You found it on level 5 of the Dungeon)

   rPois:     It protects you from poison.
Armour
 b - a +0 robe (worn)
 i - a +0 helmet (worn)
 q - a +0 ring mail of willpower
 r - the +1 ring mail "Rickaotu" {Str+3 Stlth+}
   (You found it on level 3 of the Dungeon)

   Str:       It affects your strength (+3).
   Stlth:     It makes you more stealthy.
 G - +0 acid dragon scales
Magical Staves
 E - a staff of air
Jewellery
 v - a ring of resist corrosion (left hand)
 B - a ring of ice
Wands
 c - a wand of polymorph (11)
 p - a wand of flame (42)
 x - a wand of paralysis (7)
 y - a wand of light (5)
 F - a wand of iceblast (7)
Scrolls
 a - a scroll of teleportation {unknown}
 g - 5 scrolls of identify {unknown}
 k - a scroll of poison {unknown}
 n - a scroll of acquirement {unknown}
 s - a scroll of vulnerability {unknown}
 t - 3 scrolls of fog {unknown}
 u - a scroll of amnesia {unknown}
 w - a scroll of noise {unknown}
 A - a scroll of immolation {unknown}
 H - a scroll of silence {unknown}
 I - a scroll of enchant armour {unknown}
Potions
 d - a potion of magic
 e - a potion of haste {unknown}
 f - 3 potions of might {unknown}
 h - 3 potions of cancellation {unknown}
 j - a potion of berserk rage {unknown}
 l - 4 potions of heal wounds {unknown}
 m - 2 potions of mutation {unknown}
 o - 3 potions of curing {unknown}
 z - 3 potions of lignification {unknown}
 D - a potion of resistance {unknown}
 J - a potion of enlightenment {unknown}


   Skills:
 + Level 3.3 Fighting
 - Level 3.1 Armour
 - Level 3.1 Dodging
 - Level 3.2 Stealth
 * Level 12.3 Spellcasting
 + Level 7.0 Conjurations
 - Level 1.1 Summonings
 - Level 1.1 Translocations
 + Level 5.7 Fire Magic
 - Level 2.0 Air Magic
 - Level 2.0 Earth Magic
 - Level 2.0 Poison Magic
 - Level 2.0 Evocations


You had 16 spell levels left.
You knew the following spells:

 Your Spells              Type           Power      Damage    Failure   Level
a - Magic Dart            Conj           100%       1d8       1%          1
b - Mephitic Cloud        Conj/Pois/Air  32%        N/A       2%          3
c - Call Imp              Summ           40%        N/A       4%          2
d - Blink                 Tloc           40%        N/A       4%          2
e - Stone Arrow           Conj/Erth      72%        3d11      1%          3
f - Plasma Beam           Fire/Air       16%        2x1d30    77%         6

Your spell library contained the following spells:

 Spells                   Type           Power      Damage    Failure   Level
 Freeze                   Ice            56%        1d7       4%          1
 Sandblast                Erth           48%        2d12      1%          1
 Summon Small Mammal      Summ           80%        N/A       2%          1
 Cigotuvi's Dreadful Rot  Necr/Pois/Air  42%        N/A       3%          2
 Volatile Blastmotes      Fire/Tloc      62%        2d15      3%          3
 Slow                     Hex            56%        N/A       4%          1
 Passwall                 Tmut/Erth      15%        N/A       4%          2
 Vhi's Electric Charge    Tloc/Air       44%        N/A       7%          3
 Call Canine Familiar     Summ           20%        N/A       8%          3
 Iskenderun's Mystic Bla  Conj/Tloc      34%        2d8       8%          4
 Summon Guardian Golem    Hex/Summ       17%        N/A       10%         3
 Fulminant Prism          Conj/Hex       15%        3d11      10%         4
 Arcjolt                  Conj/Air       18%        1d28      19%         5
 Lee's Rapid Deconstruct  Erth           12%        3d8*      45%         5


Dungeon Overview and Level Annotations

Branches:
Dungeon (8/15)             Temple (1/1) D:7
   Lair: D:8-11

Altars:
Ashenzari
Dithmenos
Elyvilon
Fedhas
Gozag
Hepliaklqana
Kikubaaqudgha
Nemelex Xobeh
Qazlal
Ru
Uskayaw
Vehumet
Wu Jian
Xom
Yredelemnul
Zin

Shops:
D:8 *


Message History

You kill the orc warrior!
Vehumet accepts your kill.
You feel your power returning. The orc hits you with a +0 hand axe.
* * * LOW HITPOINT WARNING * * *
Something hits you.
* * * LOW HITPOINT WARNING * * *
Something shocks you.
* * * LOW HITPOINT WARNING * * *
You have reached level 10!
Casting: Mephitic Cloud (dangerous; 2% risk of failure)
Confirm with . or Enter, or press ? or * to list all spells.
You blink.
Unknown command.
Found Ybexta's General Store.
You see here 14 gold pieces.
You feel stable enough to blink again.
A white imp comes into view.
Aiming: Iceblast
Press: ? - help, Shift-Dir - straight line, p - orc The mass of ice explodes!
The iceblast engulfs something!!
Aiming: Iceblast
Press: ? - help, Shift-Dir - straight line The mass of ice explodes!
The iceblast engulfs something!
Vehumet accepts your kill.
Reactivating autopickup.
You feel a bit more experienced.
The orc closely misses the orc.
Your Conjurations skill increases to level 7!
The orc barely misses the orc.
The orc hits you with a +0 hand axe.
* * * LOW HITPOINT WARNING * * *
The orc hits you with a +0 dagger.
* * * LOW HITPOINT WARNING * * *
Unknown command.
The orc barely misses you.
The orc hits itself with a +0 hand axe.
The orc is killed!
Vehumet accepts your kill. The orc closely misses you.
The white imp gestures at you. The puff of frost hits you!
You die...

......)........
.......)........
.....................
........)?...........
.......)<..>.........
........)............
........)............
...........~.........
.......@o............
........)............
....?................
...........$.[.......
.....................
.......5.............
.....................
..................8..
.....................


You could see a white imp and an orc (confused).

Vanquished Creatures
  Maggie (D:6)
  Grinder (D:3)
  A wyvern (D:7)
  A vampire (D:7)
  A steam dragon (D:7)
  Grum (D:8)
  3 water moccasins
  3 orc warriors
  2 sky beasts
  An ogre (D:5)
  3 wolves (D:8)
  A phantom (D:5)
  A kobold brigand (D:7)
  4 bullfrogs
  5 scorpions
  10 wights (D:8)
  A howler monkey (D:7)
  2 hounds (D:4)
  An orc priest (D:8)
  3 jellies
  2 iguanas
  Terence (D:3)
  8 gnolls
  6 adders
  A shadow imp (D:5)
  A white imp (D:6)
  3 worms (D:3)
  3 dart slugs
  26 orcs
  8 ball pythons
  5 bats
  7 endoplasms
  2 giant cockroaches (D:4)
  5 goblins
  5 hobgoblins
  4 jackals (D:4)
  10 kobolds
  6 quokkas
  A frilled lizard (D:1)
  3 rats
153 creatures vanquished.

Vanquished Creatures (collateral kills)
  An ogre (D:3)
1 creature vanquished.

Vanquished Creatures (others)
  An orc (D:7)
1 creature vanquished.

Grand Total: 155 creatures vanquished

Notes
Turn   | Place    | Note
-------+----------+-------------------------------------------
     0 | D:1      | pokeman the Deep Elf Hedge Wizard began the quest for the
                  | Orb.
     0 | D:1      | Reached XP level 1. HP: 10/10 MP: 7/7
   294 | D:1      | Reached XP level 2. HP: 9/16 MP: 2/9
   963 | D:1      | Reached skill level 5 in Spellcasting
   988 | D:1      | Found a faded altar of an unknown god.
  1249 | D:2      | Reached XP level 3. HP: 15/20 MP: 5/11
  1253 | D:2      | Learned a level 3 spell: Mephitic Cloud
  1256 | D:2      | Learned a level 2 spell: Call Imp
  1259 | D:2      | Learned a level 2 spell: Blink
  1320 | D:2      | Reached skill level 1 in Fighting
  1468 | D:2      | Reached skill level 1 in Armour
  1744 | D:2      | Reached XP level 4. HP: 21/25 MP: 2/13
  2154 | D:3      | Noticed an ogre
  2198 | D:3      | Killed an ogre
  2199 | D:3      | Reached skill level 6 in Spellcasting
  2199 | D:3      | Reached XP level 5. HP: 29/29 MP: 5/15
  2718 | D:3      | Learned a level 3 spell: Stone Arrow
  2778 | D:3      | Noticed Terence
  2784 | D:3      | Killed Terence
  2856 | D:3      | Found a broken altar of Ashenzari.
  2911 | D:3      | Noticed Grinder
  2917 | D:3      | Killed Grinder
  2918 | D:3      | Reached skill level 7 in Spellcasting
  2918 | D:3      | Reached skill level 1 in Air Magic
  2918 | D:3      | Reached skill level 1 in Earth Magic
  2918 | D:3      | Reached skill level 1 in Poison Magic
  2918 | D:3      | Reached skill level 1 in Evocations
  2918 | D:3      | Reached XP level 6. HP: 27/34 MP: 3/18
  3097 | D:3      | Identified the +1 ring mail "Rickaotu" {Str+3 Stlth+}
  3928 | D:4      | Reached XP level 7. HP: 37/38 MP: 5/19
  4377 | D:4      | Learned a level 6 spell: Plasma Beam
  4639 | D:5      | Entered Level 5 of the Dungeon
  4678 | D:5      | Identified the +0 scale mail of Parlour Games {-Cast +Inv
                  | Dex+4 SInv}
  4735 | D:5      | Reached skill level 8 in Spellcasting
  4735 | D:5      | Reached skill level 1 in Fire Magic
  4842 | D:5      | You fall into a shaft and drop 3 floors!
  4861 | D:7      | Noticed a vampire
  4962 | D:7      | Reached XP level 8. HP: 44/44 MP: 8/22
  5107 | D:7      | Reached skill level 9 in Spellcasting
  5813 | D:6      | Reached skill level 5 in Conjurations
  6022 | D:5      | Identified the +8 whip "Ugodatao" {freeze, rPois}
  6047 | D:5      | Found an ancient bone altar of Kikubaaqudgha.
  6093 | D:5      | Found a sacrificial altar of Ru.
  6104 | D:5      | Reached skill level 10 in Spellcasting
  6642 | D:5      | Found a shadowy altar of Dithmenos.
  6706 | D:6      | Noticed Maggie
  6711 | D:6      | Killed Maggie
  6712 | D:6      | Reached XP level 9. HP: 48/48 MP: 9/25
  7317 | D:7      | Found a staircase to the Ecumenical Temple.
  7327 | Temple   | Entered the Ecumenical Temple
  7400 | Temple   | Became a worshipper of Vehumet
  7549 | D:7      | Reached skill level 11 in Spellcasting
  8133 | D:8      | Reached skill level 5 in Fire Magic
  8310 | D:8      | Reached * piety under Vehumet
  8310 | D:8      | Offered knowledge of Freeze by Vehumet.
  8643 | D:8      | Noticed Grum
  8653 | D:8      | Reached skill level 12 in Spellcasting
  8660 | D:8      | Killed Grum
  8867 | D:8      | Reached XP level 10. HP: 7/56 MP: 2/28
  8868 | D:8      | Found Ybexta's General Store.
  8880 | D:8      | Killed from afar by a white imp

Illustrated notes

Levels and vault maps discovered:
D:1:      psy_arrival_radial01, layout_rooms, ebering_ecumenical_altar_box,
          amcnicky_mini_rare_corridor_liquid
D:2:      layout_rooms
D:3:      layout_basic, ashenzari_altar_1, uniq_terence, uniq_grinder
D:4:      layout_basic
D:5:      layout_basic, kennysheep_little_box, nicolae_ru_awakened_eye,
          kennysheep_mini
D:6:      layout_basic, uniq_maggie
D:7:      layout_loops_corners, minmay_temple_entry_butterflies,
          minmay_large_rounded_square
D:8:      layout_basic, serial_shops, shop_statue,
          chequers_serial_rivers_small_b, uniq_grum, uniq_amaemon
Temple:   dshaligram_water_room_temple

Skill      XL: |  1  2  3  4  5  6  7  8  9 10 |
---------------+-------------------------------+-----
Spellcasting   | 5 6 7 8 10 12 | 12.3
Fighting       | 1 2 3 |  3.3
Conjurations   | 2 3 4 5 6 7 |  7.0
Armour         | 1 2 3 |  3.1
Dodging        | 3 |  3.1
Stealth        | 3 |  3.2
Air Magic      | 1 2 |  2.0
Earth Magic    | 1 2 |  2.0
Poison Magic   | 1 2 |  2.0
Evocations     | 1 2 |  2.0
Fire Magic     | 2 4 5 |  5.7
Summonings     | |  1.1
Translocations | |  1.1

Action                     |  1- 3 |  4- 6 |  7- 9 | 10-12 || total
---------------------------+-------+-------+-------+-------++-------
  Melee: Dagger            |    13 |    10 |       |       ||    23
         Falchion          |       |       |    22 |       ||    22
         Whip              |       |       |    19 |       ||    19
   Cast: Magic Dart        |    91 |   117 |    77 |       ||   285
         Mephitic Cloud    |     5 |     3 |    14 |       ||    22
         Call Imp          |       |     2 |       |       ||     2
         Stone Arrow       |       |    10 |    87 |       ||    97
         Blink             |       |       |       |     1 ||     1
  Evoke: Wand              |       |       |     1 |     2 ||     3
   Stab: Sleeping          |     1 |     1 |     1 |       ||     3
         Confused          |     3 |     1 |     5 |       ||     9
 Armour: Robe              |     2 |     1 |    13 |       ||    16
  Dodge: Dodged            |    25 |    22 |    60 |     2 ||   109

Table legend: (Time is in decaauts)
 A = Elapsed time spent in this place.
 B = Non-inter-level travel time spent in this place.
 C = Inter-level travel time spent in this place.
 D = Time resting spent in this place.
 E = Time spent auto-exploring this place.
 F = Levels seen in this place.
 G = Mean time per level.
                   A        B        C        D        E       F      G
               +--------+--------+--------+--------+--------+-----+--------+
         Total |   8888 |   8572 |    316 |    321 |   6934 |   9 |  987.6 |
       Dungeon |   8806 |   8498 |    308 |    321 |   6874 |   8 | 1100.8 |
        Temple |     82 |     74 |      8 |      0 |     60 |   1 |   82.0 |
               +--------+--------+--------+--------+--------+-----+--------+

Top non-repeatable levels by time:
     D:3: 1595 daAuts
     D:7: 1447 daAuts
     D:6: 1186 daAuts
     D:1: 1132 daAuts
     D:4: 1107 daAuts
     D:5: 858 daAuts
     D:2: 803 daAuts
     D:8: 675 daAuts
  Temple: 82 daAuts
